| TOP OF THE 1ST |
|
Pittsburgh Pirates batting - Pitching for Tampa Bay Rays : RHP Rocky Smith
|
|
Pitching: RHP Rocky Smith
|
|
|
Batting: RHB Pat Miller
|
0-0: Ball 1-0: Foul Ball, location: 5F 1-1: Foul Ball, location: 2LF 1-2: Strikes out swinging
|
|
Batting: SHB Juan Reyes
|
0-0: Ball 1-0: DOUBLE (Groundball, 3L, EV 98.1 MPH)
|
|
Batting: RHB Mauro Rodríguez
|
0-0: Called Strike 0-1: Called Strike 0-2: Fly out, F7 (Flyball, 7S, EV 91.3 MPH)
|
|
Batting: LHB Brad McBride
|
Balk! Juan Reyes to third 0-0: Ground out 6-3 (Groundball, 6, EV 106.9 MPH)
|
| Top of the 1st over - 0 runs, 1 hit, 0 errors, 1 left on base; Pittsburgh 0 - Tampa Bay 0 |
| BOTTOM OF THE 1ST |
|
Tampa Bay Rays batting - Pitching for Pittsburgh Pirates : RHP Antonio Senzatela
|
|
Pitching: RHP Antonio Senzatela
|
|
|
Batting: RHB Ismael Ramírez
|
0-0: Ball 1-0: Foul Ball, location: 2F 1-1: Swinging Strike 1-2: Ground out 5-3 (Groundball, 56, EV 104.4 MPH)
|
|
Batting: RHB Bobby Davenport
|
0-0: Called Strike 0-1: Ball 1-1: Ball 2-1: SINGLE (Line Drive, 89S, EV 103.1 MPH)
|
|
Batting: LHB Dan Mitchell
|
0-0: Called Strike 0-1: Ball 1-1: SINGLE (Line Drive, 4D, EV 99.4 MPH) Bobby Davenport to second
|
|
Batting: RHB Joe Engram
|
0-0: Foul Ball, location: 23F 0-1: Foul Ball, location: 2F 0-2: Fly out, F7 (Line Drive, 7, EV 108.1 MPH)
|
|
Batting: RHB Dylan Veeck
|
0-0: Called Strike 0-1: Swinging Strike 0-2: Strikes out looking
|
| Bottom of the 1st over - 0 runs, 2 hits, 0 errors, 2 left on base; Pittsburgh 0 - Tampa Bay 0 |
| TOP OF THE 2ND |
|
Pittsburgh Pirates batting - Pitching for Tampa Bay Rays : RHP Rocky Smith
|
|
Batting: RHB Chris Riley
|
0-0: Ball 1-0: Ball 2-0: Ground out 5-3 (Groundball, 5, EV 86.3 MPH)
|
|
Batting: SHB Blake Swihart
|
0-0: Ball 1-0: Called Strike 1-1: Foul Ball, location: 7LSFF 1-2: Strikes out looking
|
|
Batting: RHB Danny Badger
|
0-0: Ball 1-0: Ground out 5-3 (Groundball, 56, EV 106.3 MPH)
|
| Top of the 2nd over - 0 runs, 0 hits, 0 errors, 0 left on base; Pittsburgh 0 - Tampa Bay 0 |
| BOTTOM OF THE 2ND |
|
Tampa Bay Rays batting - Pitching for Pittsburgh Pirates : RHP Antonio Senzatela
|
|
Batting: SHB Osvaldo Leme
|
0-0: Called Strike 0-1: Swinging Strike 0-2: Fly out, F8 (Line Drive, 8RM, EV 105.0 MPH)
|
|
Batting: LHB Joey Bowen
|
0-0: Ball 1-0: Ball 2-0: Ball 3-0: Called Strike 3-1: Base on Balls
|
|
Batting: RHB Jesús Pacheco
|
0-0: Called Strike 0-1: Ball 1-1: Called Strike 1-2: Strikes out swinging
|
|
Batting: RHB Enrico Vázquez
|
0-0: Foul Ball, location: 23F 0-1: Ball Wild Pitch! Joey Bowen to second 1-1: Ball 2-1: Foul Ball, location: 9LMF 2-2: Strikes out swinging
|
| Bottom of the 2nd over - 0 runs, 0 hits, 0 errors, 1 left on base; Pittsburgh 0 - Tampa Bay 0 |
| TOP OF THE 3RD |
|
Pittsburgh Pirates batting - Pitching for Tampa Bay Rays : RHP Rocky Smith
|
|
Batting: LHB Tanner Norton
|
0-0: Called Strike 0-1: Ball 1-1: Ball 2-1: Swinging Strike 2-2: Ball 3-2: Base on Balls
|
|
Batting: SHB Jeremy Bowen
|
0-0: Swinging Strike Tanner Norton steals 2nd base 0-1: SINGLE (Line Drive, 7S, EV 103.8 MPH) Tanner Norton to third
|
|
Batting: RHB Pat Miller
|
0-0: Fielders Choice at 2nd, 4-6 (Groundball, 4M, EV 94.4 MPH) Tanner Norton scores
|
|
Batting: SHB Juan Reyes
|
0-0: Ball 1-0: Called Strike 1-1: Foul Ball, location: 5F 1-2: Hit by Pitch Pat Miller to second
|
|
Batting: RHB Mauro Rodríguez
|
0-0: Called Strike 0-1: Grounds into double play, 4-6-3 (Groundball, 4M, EV 96.9 MPH)
|
| Top of the 3rd over - 1 run, 1 hit, 0 errors, 1 left on base; Pittsburgh 1 - Tampa Bay 0 |
| BOTTOM OF THE 3RD |
|
Tampa Bay Rays batting - Pitching for Pittsburgh Pirates : RHP Antonio Senzatela
|
|
Batting: RHB Ismael Ramírez
|
0-0: Ball 1-0: Foul Ball, location: 25F 1-1: Ball 2-1: Called Strike 2-2: SINGLE (Groundball, 5D, EV 103.8 MPH)
|
|
Batting: RHB Bobby Davenport
|
0-0: Fly out, F5 (Line Drive, 56, EV 94.4 MPH)
|
|
Batting: LHB Dan Mitchell
|
0-0: Called Strike 0-1: Foul Ball, location: 2F 0-2: Ball 1-2: Foul Ball, location: 2F 1-2: Foul Ball, location: 7LSF 1-2: Ball 2-2: Foul Ball, location: 2F 2-2: Foul Ball, location: 7LDF 2-2: Fielders Choice at 2nd, 3-6 (Groundball, 3, EV 105.0 MPH)
|
|
Batting: RHB Joe Engram
|
0-0: Ball 1-0: Foul Ball, location: 2F 1-1: Ground out 5-3 (Groundball, 15, EV 91.9 MPH)
|
| Bottom of the 3rd over - 0 runs, 1 hit, 0 errors, 1 left on base; Pittsburgh 1 - Tampa Bay 0 |
| TOP OF THE 4TH |
|
Pittsburgh Pirates batting - Pitching for Tampa Bay Rays : RHP Rocky Smith
|
|
Batting: LHB Brad McBride
|
0-0: Called Strike 0-1: Swinging Strike 0-2: DOUBLE (Flyball, 8RXD, EV 108.8 MPH)
|
|
Batting: RHB Chris Riley
|
0-0: Ball 1-0: Foul Ball, location: 2F 1-1: Ball 2-1: Ground out 5-3 (Groundball, 56, EV 101.9 MPH)
|
|
Batting: SHB Blake Swihart
|
0-0: Ball 1-0: Foul Ball, location: 7LSF 1-1: Ball 2-1: Foul Ball, location: 2F 2-2: Ball 3-2: Ground out 6-3 (Groundball, 6, EV 65.6 MPH)
|
|
Batting: RHB Danny Badger
|
0-0: Called Strike 0-1: Foul Ball, location: 25F 0-2: Strikes out swinging
|
| Top of the 4th over - 0 runs, 1 hit, 0 errors, 1 left on base; Pittsburgh 1 - Tampa Bay 0 |
| BOTTOM OF THE 4TH |
|
Tampa Bay Rays batting - Pitching for Pittsburgh Pirates : RHP Antonio Senzatela
|
|
Batting: RHB Dylan Veeck
|
0-0: Foul Ball, location: 7LSF 0-1: Ball 1-1: Swinging Strike 1-2: Foul Ball, location: 5SF 1-2: Ball 2-2: Ground out 6-3 (Groundball, 6M, EV 80.6 MPH)
|
|
Batting: SHB Osvaldo Leme
|
0-0: SINGLE (Groundball, 4D, EV 103.8 MPH)
|
|
Batting: LHB Joey Bowen
|
0-0: Called Strike 0-1: Ball 1-1: Swinging Strike 1-2: Grounds into double play, 3-6-3 (Groundball, 34, EV 85.0 MPH)
|
| Bottom of the 4th over - 0 runs, 1 hit, 0 errors, 0 left on base; Pittsburgh 1 - Tampa Bay 0 |
| TOP OF THE 5TH |
|
Pittsburgh Pirates batting - Pitching for Tampa Bay Rays : RHP Rocky Smith
|
|
Batting: LHB Tanner Norton
|
0-0: Ball 1-0: Called Strike 1-1: Foul Ball, location: 2F 1-2: Ball 2-2: Foul Ball, location: 5FF 2-2: Ball 3-2: SOLO HOME RUN (Flyball, 78XD, EV 100.6 MPH), Distance : 380 ft
|
|
Batting: SHB Jeremy Bowen
|
0-0: Ground out U3 (Groundball, 3L, EV 103.1 MPH)
|
|
Batting: RHB Pat Miller
|
0-0: Ball 1-0: Called Strike 1-1: Foul Ball, location: 23F 1-2: Foul Ball, location: 3FF 1-2: Ball 2-2: SINGLE (Groundball, 6S, EV 85.0 MPH) (infield hit)
|
|
Batting: SHB Juan Reyes
|
0-0: Ball 1-0: Ball 2-0: Called Strike 2-1: Foul Ball, location: 2F 2-2: Strikes out swinging
|
|
Batting: RHB Mauro Rodríguez
|
0-0: Called Strike 0-1: Called Strike 0-2: Ball 1-2: SINGLE (Groundball, 4D, EV 95.0 MPH) Pat Miller to second Runner from 2nd tries for 3rd, SAFE, throw by RF made to third Mauro Rodríguez to second
|
|
Batting: LHB Brad McBride
|
0-0: Ball 1-0: Ball 2-0: Foul Ball, location: 7LSF 2-1: Ground out 2-3 (Groundball, 15S, EV 70.0 MPH)
|
| Top of the 5th over - 1 run, 3 hits, 0 errors, 2 left on base; Pittsburgh 2 - Tampa Bay 0 |
| BOTTOM OF THE 5TH |
|
Tampa Bay Rays batting - Pitching for Pittsburgh Pirates : RHP Antonio Senzatela
|
|
Batting: RHB Jesús Pacheco
|
0-0: Ball 1-0: Ball 2-0: Called Strike 2-1: Fly out, F8 (Flyball, 8RM, EV 89.4 MPH)
|
|
Batting: RHB Enrico Vázquez
|
0-0: Ball 1-0: Called Strike 1-1: Foul Ball, location: 3F 1-2: Foul Ball, location: 25FF 1-2: Strikes out swinging
|
|
Batting: RHB Ismael Ramírez
|
0-0: Hit by Pitch
|
|
Batting: RHB Bobby Davenport
|
0-0: Ball 1-0: Swinging Strike 1-1: Fielders Choice at 2nd, 6-4 (Groundball, 6, EV 88.1 MPH)
|
| Bottom of the 5th over - 0 runs, 0 hits, 0 errors, 1 left on base; Pittsburgh 2 - Tampa Bay 0 |
| TOP OF THE 6TH |
|
Pittsburgh Pirates batting - Pitching for Tampa Bay Rays : RHP Rocky Smith
|
|
Batting: RHB Chris Riley
|
0-0: Ball 1-0: Ball 2-0: Foul Ball, location: 23FF 2-1: Foul Ball, location: 5F 2-2: Ball 3-2: Ground out 5-3 (Groundball, 5S, EV 75.0 MPH)
|
|
Batting: SHB Blake Swihart
|
0-0: Ground out 4-3 (Groundball, 4, EV 96.3 MPH)
|
|
Batting: RHB Danny Badger
|
0-0: Ground out 6-3 (Groundball, 6, EV 87.5 MPH)
|
| Top of the 6th over - 0 runs, 0 hits, 0 errors, 0 left on base; Pittsburgh 2 - Tampa Bay 0 |
| BOTTOM OF THE 6TH |
|
Tampa Bay Rays batting - Pitching for Pittsburgh Pirates : RHP Antonio Senzatela
|
|
Batting: LHB Dan Mitchell
|
0-0: Ball 1-0: SINGLE (Groundball, 34S, EV 83.8 MPH) (infield hit)
|
|
Batting: RHB Joe Engram
|
0-0: Ball 1-0: Grounds into double play, 6-4-3 (Groundball, 6, EV 93.8 MPH)
|
|
Batting: RHB Dylan Veeck
|
0-0: Ball 1-0: Ball 2-0: Called Strike 2-1: Called Strike 2-2: Foul Ball, location: 2F 2-2: Strikes out swinging
|
| Bottom of the 6th over - 0 runs, 1 hit, 0 errors, 0 left on base; Pittsburgh 2 - Tampa Bay 0 |
| TOP OF THE 7TH |
|
Pittsburgh Pirates batting - Pitching for Tampa Bay Rays : RHP Rocky Smith
|
|
Batting: LHB Tanner Norton
|
0-0: Called Strike 0-1: Called Strike 0-2: Strikes out looking
|
|
Batting: SHB Jeremy Bowen
|
0-0: Called Strike 0-1: Ball 1-1: Ball 2-1: DOUBLE (Flyball, 78XD, EV 106.9 MPH)
|
|
Pitching: RHP Greg Strong
|
|
|
Batting: RHB Pat Miller
|
0-0: Swinging Strike 0-1: Foul Ball, location: 23F 0-2: Ball 1-2: Ground out U3 (Groundball, 3S, EV 79.4 MPH) Jeremy Bowen to third
|
|
Batting: SHB Juan Reyes
|
0-0: Called Strike 0-1: Ball 1-1: Foul Ball, location: 3DF 1-2: SINGLE (Line Drive, 8LS, EV 96.3 MPH) Jeremy Bowen scores
|
|
Batting: RHB Mauro Rodríguez
|
0-0: Called Strike 0-1: Ball 1-1: Swinging Strike 1-2: Ball 2-2: SINGLE (Groundball, 4MD, EV 107.5 MPH) Juan Reyes to second Runner from 2nd tries for 3rd, SAFE, throw by CF made at trailing runner, OUT! 8-3-6
|
| Top of the 7th over - 1 run, 3 hits, 0 errors, 1 left on base; Pittsburgh 3 - Tampa Bay 0 |
| BOTTOM OF THE 7TH |
|
Tampa Bay Rays batting - Pitching for Pittsburgh Pirates : RHP Antonio Senzatela
|
|
Batting: SHB Osvaldo Leme
|
0-0: Ball 1-0: SINGLE (Line Drive, 89M, EV 106.3 MPH)
|
|
Pitching: RHP Clarence Wall
|
|
|
Batting: LHB Joey Bowen
|
0-0: Fielders Choice at 2nd, 4-6 (Groundball, 4, EV 81.3 MPH)
|
|
Batting: RHB Jesús Pacheco
|
0-0: TRIPLE (Flyball, 89XD, EV 106.9 MPH) Joey Bowen scores
|
|
Batting: RHB Enrico Vázquez
|
0-0: Fly out, F8 (Flyball, 8LS, EV 95.6 MPH)
|
|
Batting: RHB Ismael Ramírez
|
0-0: Foul Ball, location: 2F 0-1: Ball 1-1: Ball 2-1: Ground out 6-3 (Groundball, 6, EV 83.1 MPH)
|
| Bottom of the 7th over - 1 run, 2 hits, 0 errors, 1 left on base; Pittsburgh 3 - Tampa Bay 1 |
| TOP OF THE 8TH |
|
Pittsburgh Pirates batting - Pitching for Tampa Bay Rays : RHP Greg Strong
|
|
Pitching: RHP Héctor Saldaña
|
|
|
Batting: LHB Brad McBride
|
0-0: Ball 1-0: Swinging Strike 1-1: SOLO HOME RUN (Flyball, 78XD, EV 101.3 MPH), Distance : 382 ft
|
|
Batting: RHB Chris Riley
|
0-0: Ball 1-0: Foul Ball, location: 2F 1-1: Called Strike 1-2: Ball 2-2: Foul Ball, location: 2F 2-2: Ground out U3 (Groundball, 3, EV 86.9 MPH)
|
|
Batting: SHB Blake Swihart
|
0-0: Foul Ball, location: 2F 0-1: Ball 1-1: Foul Ball, location: 5DF 1-2: Foul Ball, location: 3DF 1-2: Ball 2-2: Ball 3-2: Strikes out swinging
|
|
Batting: RHB Danny Badger
|
0-0: Foul Ball, location: 7LSF 0-1: Ball 1-1: Foul Ball, location: 23F 1-2: Ball 2-2: Strikes out swinging
|
| Top of the 8th over - 1 run, 1 hit, 0 errors, 0 left on base; Pittsburgh 4 - Tampa Bay 1 |
| BOTTOM OF THE 8TH |
|
Tampa Bay Rays batting - Pitching for Pittsburgh Pirates : RHP Clarence Wall
|
|
Batting: RHB Bobby Davenport
|
0-0: Ball 1-0: SINGLE (Flyball, 6MD, EV 87.5 MPH)
|
|
Pitching: LHP James Paxton
|
|
|
Pinch Hitting: RHB Dave Lacy
|
0-0: Called Strike 0-1: Called Strike 0-2: Ball 1-2: Strikes out swinging
|
|
Batting: RHB Joe Engram
|
0-0: Called Strike 0-1: Ball 1-1: Foul Ball, location: 2F 1-2: Ball 2-2: Ball 3-2: Fly out, F8 (Line Drive, 8LD, EV 98.1 MPH)
|
|
Batting: RHB Dylan Veeck
|
0-0: Called Strike 0-1: Ball 1-1: Foul Ball, location: 2F 1-2: Ball 2-2: SINGLE (Groundball, 4MD, EV 96.9 MPH) Bobby Davenport to second Runner from 2nd tries for 3rd, SAFE, throw by CF made to third
|
|
Batting: SHB Osvaldo Leme
|
0-0: Called Strike 0-1: Ball 1-1: Fly out, F8 (Flyball, 8RS, EV 98.1 MPH)
|
| Bottom of the 8th over - 0 runs, 2 hits, 0 errors, 2 left on base; Pittsburgh 4 - Tampa Bay 1 |
| TOP OF THE 9TH |
|
Pittsburgh Pirates batting - Pitching for Tampa Bay Rays : RHP Héctor Saldaña
|
|
Now at 1B: Dave Lacy
|
|
|
Batting: LHB Tanner Norton
|
0-0: Fly out, F4 (Popup, 4D, EV 74.4 MPH)
|
|
Batting: SHB Jeremy Bowen
|
0-0: Fly out, F7 (Line Drive, 78D, EV 99.4 MPH)
|
|
Batting: RHB Pat Miller
|
0-0: Fly out, F3 (Popup, 3F, EV 76.3 MPH)
|
| Top of the 9th over - 0 runs, 0 hits, 0 errors, 0 left on base; Pittsburgh 4 - Tampa Bay 1 |
| BOTTOM OF THE 9TH |
|
Tampa Bay Rays batting - Pitching for Pittsburgh Pirates : LHP James Paxton
|
|
Pitching: RHP Joe Kaiser
|
|
|
Batting: LHB Joey Bowen
|
0-0: Ball 1-0: Fly out, F3 (Popup, 3SF, EV 80.6 MPH)
|
|
Pinch Hitting: LHB Eric Cox
|
0-0: Ball 1-0: Ball 2-0: Ball 3-0: Called Strike 3-1: Base on Balls
|
|
Batting: RHB Enrico Vázquez
|
0-0: Called Strike 0-1: Called Strike 0-2: Strikes out swinging
|
|
Batting: RHB Ismael Ramírez
|
0-0: Ball 1-0: Fly out, F8 (Flyball, 8RXD, EV 101.3 MPH)
|
| Bottom of the 9th over - 0 runs, 0 hits, 0 errors, 1 left on base; Pittsburgh 4 - Tampa Bay 1 |
|